 Dungeon Crawl Stone Soup version 0.27-a0-1438-g9b7c6745da (webtiles) character file.

Game seed: 669659746993105979

62655 2tc the Black Belt (level 14, 0/128 HPs)
             Began as a White Draconian Transmuter on July 4, 2021.
             Was the Champion of Jiyva.
             Shot with an arrow by a centaur warrior (20 damage)
             ... on level 13 of the Dungeon.
             The game lasted 01:20:40 (18258 turns).

2tc the Black Belt (White Draconian Transmuter)    Turns: 18258, Time: 01:20:41

Health: 0/128      AC: 11    Str: 10    XL:     14   Next: 65%
Magic:  20/20      EV: 13    Int: 22    God:    Jiyva [******]
Gold:   625        SH:  0    Dex: 18    Spells: 6/21 levels left

rFire    . . .     SeeInvis .     - Unarmed
rCold    + + .     Faith    .   (shield currently unavailable)
rNeg     . . .     Spirit   .   (armour unavailable)
rPois    +         Reflect  .   (helmet currently unavailable)
rElec    .         Harm     .   (cloak currently unavailable)
rCorr    +         Rampage  .   (gloves currently unavailable)
Will     +....                  (boots currently unavailable)
Stlth    ++........             o - amulet of regeneration
HPRegen  1.31/turn              x - ring of fire
MPRegen  0.17/turn              G - ring "Danyr" {Wiz Int+5}

@: confused, ice-form, ambrosia-drunk, on berserk cooldown
A: freezing attack, amphibious, boosted hp, (breathe frost), AC +8, large,
unfitting armour, (cold resistance 1), (cold-blooded), (antennae 1), thin
skeletal structure 1, screaming 1
a: End Transformation, Renounce Religion, Request Jelly, Slimify, Cure Bad
Mutation


You were on level 13 of the Dungeon.
You worshipped Jiyva.
Jiyva was exalted by your worship.
You were a creature of crystalline ice.
You visited 3 branches of the dungeon, and saw 20 of its levels.
You also visited: Volcano.

You collected 933 gold pieces.
You spent 308 gold pieces at shops.

Inventory:

Hand Weapons
 F - the +8 spear of the Revolution {holy, rN+ rCorr Str+2}
   (You found it on level 12 of the Dungeon)

   It has been blessed by the Shining One to cause great damage to the undead
   and demons.
   Str:       It affects your strength (+2).
   rN:        It protects you from negative energy.
   rCorr:     It protects you from acid and corrosion.
Armour
 d - a +0 buckler of fire resistance (melded)
 q - a +1 cloak (melded)
 s - the +3 pair of seven-league boots (melded) {Rampage+∞}
   (You found it on level 7 of the Dungeon)
Jewellery
 k - an amulet of magic regeneration
 n - an amulet of guardian spirit
 o - an amulet of regeneration (around neck)
 w - a ring of flight
 x - a ring of fire (left front paw)
 y - a ring of ice
 z - a ring of see invisible
 D - a ring of fire
 G - the ring "Danyr" (right front paw) {Wiz Int+5}
   (You acquired it on level 12 of the Dungeon)

   [ring of wizardry]

   It improves your spell success rate.
   Int:       It affects your intelligence (+5).
 I - a ring of willpower
Wands
 r - a wand of flame (35)
 A - a wand of polymorph (18)
 B - a wand of acid (9)
 E - a wand of iceblast (1)
Scrolls
 c - 3 scrolls of identify
 g - 9 scrolls of amnesia
 l - a scroll of enchant weapon
 p - 3 scrolls of enchant armour
 v - 6 scrolls of teleportation
 J - a scroll of silence
Potions
 a - 4 potions of brilliance
 b - 2 potions of attraction
 e - a potion of mutation
 f - a potion of magic
 i - 2 potions of cancellation
 j - 3 potions of berserk rage
 m - 4 potions of curing
 t - 4 potions of resistance
 u - 2 potions of flight
 C - 2 potions of lignification
 H - a potion of heal wounds {unknown}


   Skills:
 + Level 5.5 Fighting
 - Level 6.0 Dodging
 - Level 4.0 Shields
 - Level 18.0 Unarmed Combat
 - Level 4.0 Spellcasting
 - Level 14.0 Transmutations
 - Level 7.0 Ice Magic


You had 6 spell levels left.
You knew the following spells:

 Your Spells              Type           Power      Damage    Failure   Level
a - Beastly Appendage     Tmut           100%       N/A       1%          1
b - Wereblood             Tmut           60%        N/A       1%          2
c - Ice Form              Ice/Tmut       50%        N/A       1%          4
d - Blade Hands           Tmut           30%        N/A       1%          5
e - Frozen Ramparts       Ice            70%        1d9       1%          3

Your spell library contained the following spells:

 Spells                   Type           Power      Damage    Failure   Level
 Freeze                   Ice            100%       1d11      1%          1
 Passwall                 Tmut/Erth      29%        N/A       1%          2
 Spider Form              Tmut/Pois      17%        N/A       1%          3
 Magic Dart               Conj           16%        1d3       4%          1
 Shock                    Conj/Air       16%        1d4       4%          1
 Blink                    Tloc           N/A        N/A       7%          2
 Searing Ray              Conj           8%         3d3       7%          2
 Slow                     Hex            4%         N/A       7%          2
 Hailstorm                Conj/Ice       19%        3d6       11%         4
 Summon Ice Beast         Ice/Summ       19%        N/A       11%         4
 Confusing Touch          Hex            4%         N/A       13%         3
 Lesser Beckoning         Tloc           2%         N/A       13%         3
 Portal Projectile        Hex/Tloc       8%         N/A       13%         3
 Summon Guardian Golem    Hex/Summ       4%         N/A       13%         3
 Swiftness                Air            4%         N/A       13%         3
 Vampiric Draining        Necr           2%         2d6       13%         3
 Statue Form              Tmut/Erth      23%        N/A       34%         6
 Airstrike                Air            2%         N/A       38%         4
 Fulminant Prism          Conj/Hex       2%         3d6       38%         4
 Iskenderun's Mystic Bla  Conj/Tloc      4%         2d3       38%         4
 Leda's Liquefaction      Hex/Erth       2%         N/A       38%         4
 Bolt of Magma            Conj/Fire/Erth 3%         4d5       73%         5
 Excruciating Wounds      Necr           2%         N/A       73%         5
 Lee's Rapid Deconstruct  Erth           2%         3d5*      73%         5
 Manifold Assault         Tloc           4%         N/A       73%         5
 Invisibility             Hex            2%         N/A       99%         6
 Orb of Destruction       Conj           2%         9d1       100%        7
 Spellforged Servitor     Conj/Summ      2%         N/A       100%        7
 Summon Hydra             Summ           2%         N/A       100%        7


Dungeon Overview and Level Annotations

Branches:
Dungeon (13/15)            Temple (1/1) D:6            Lair (6/6) D:11
  Swamp (0/4) Lair:2       Spider (0/4) Lair:4        Slime (0/5) Lair:5
    Orc (0/2) D:9          Vaults (0/5) D:13        Volcano (visited)

Altars:
Ashenzari
Cheibriados
Dithmenos
Elyvilon
Fedhas
Gozag
Hepliaklqana
Kikubaaqudgha
Makhleb
Nemelex Xobeh
Okawaru
Qazlal
Ru
Sif Muna
Trog
Uskayaw
Vehumet
Wu Jian
Xom
Yredelemnul
Zin
The Shining One
Jiyva

Shops:
D:5 *(**(   D:8 =   D:10 :=   D:12 :

Portals:
Trove: D:10 (show slimy rune of Zot)

Annotations:
D:9 2 transporters


Innate Abilities, Weirdness & Mutations

You are a creature of crystalline ice.
You have a powerful freezing melee attack.
You are amphibious.
Your maximum health is increased.
Your armour is entirely melded.
You are incapable of wielding weapons or throwing items.
((You can breathe waves of freezing cold which knock back foes.))
((Your icy white scales are hard. (AC +8)))
You cannot fit into any form of body armour.
((Your flesh is cold resistant. (rC+)))
((You are cold-blooded and may be slowed by cold attacks.))
((You have a pair of small antennae on your head.))
You have a somewhat thin skeletal structure. (Dex +2, Stealth+)
You occasionally shout uncontrollably at your foes.


Message History

You pummel the eight-headed hydra!! You freeze the eight-headed hydra!
The eight-headed hydra is almost dead.
You hit the eight-headed hydra.
The eight-headed hydra seems to slow down.
You freeze the eight-headed hydra.
The eight-headed hydra is almost dead.
The eight-headed hydra bites you. The eight-headed hydra bites you!
* * * LOW HITPOINT WARNING * * *
The eight-headed hydra closely misses you.
The eight-headed hydra misses you. The eight-headed hydra bites you!
* * * LOW HITPOINT WARNING * * *
The eight-headed hydra bites you!
* * * LOW HITPOINT WARNING * * *
The eight-headed hydra bites you but does no damage.
The eight-headed hydra bites you!
* * * LOW HITPOINT WARNING * * *
You pummel the eight-headed hydra!! You freeze the eight-headed hydra.
You kill the eight-headed hydra!
You start resting.
A centaur warrior comes into view. It is wielding a +0 quarterstaff.
The centaur warrior shouts!
The centaur warrior unwields a +0 quarterstaff.
The centaur warrior wields a +0 shortbow.
The centaur warrior shoots an arrow.
The arrow hits you.
* * * LOW HITPOINT WARNING * * *
The centaur warrior shoots an arrow.
The arrow hits you!!
* * * LOW HITPOINT WARNING * * *
Okay, then.
You are confused.
You feel invigorated.
A centaur warrior comes into view.
You yell at the centaur warrior!
The centaur warrior moves out of view.
You hear a shout! x3
There are no items here.
There are no items here.
You start resting.
Magic restored.
You start resting.
The centaur warrior wields a +0 longbow.
The centaur warrior shoots an arrow.
The arrow hits you!!
You die...

###.### #.# #....#.##
#.....#.... #...##..##
##c....#.#.###...# #.)###
#........#.#.....####<...
#.....###.#.#.#..#()###.
#.....#.....#.##..(##
###.#####.###.##..##
#.....#.....#.#....#
#..##.#Y....#.......#
[...#.##........##......
(.(#.
#..#.....#.###..##..
....#. #†.#.....#.# #..#
... #.# # #.#####.###.#
#..< .. .. #c #.# #... .
. .# .. .# ##


You could see a centaur warrior.

Vanquished Creatures
  Josephine (Lair:4)
  A yaktaur captain (D:12)
  6 boulder beetles
  10 hydras
  6 centaur warriors (D:13)
  2 catoblepae
  3 two-headed ogres
  2 death knights (D:13)
  2 dancing weapons (D:13)
  9 death yaks
  A tengu warrior (D:11)
  Pikel (D:5)
  3 ugly things
  2 cyclopes
  4 manticores
  3 oklob plants
  8 elephants
  2 centaur zombies
  A moth of wrath (shapeshifter) (D:13)
  3 black mambas
  A molten gargoyle (Volcano)
  4 gargoyles
  8 cane toads
  A torpor snail (Lair:3)
  An unseen horror (D:12)
  2 efreet (D:13)
  3 komodo dragons
  6 rime drakes
  A queen bee (D:11)
  A tyrant leech (Lair:2)
  A troll (D:9)
  Prince Ribbit (D:6)
  9 blink frogs
  5 dream sheep (Lair:5)
  A raiju (shapeshifter) (D:13)
  Grinder (D:6)
  Sigmund (D:3)
  A redback (Lair:4)
  2 shadows
  3 wyverns
  7 wraiths
  22 yaks
  Eustachio (D:5)
  A fire elemental (Volcano)
  A human (shapeshifter) (D:12)
  4 basilisks
  3 steam dragons
  10 vampire mosquitoes
  3 swamp worms (Lair:2)
  8 water moccasins
  2 acid dragons
  3 ice beasts
  3 orc warriors
  A black bear (Lair:3)
  2 necrophages
  10 wolves
  5 centaurs
  2 lemures (D:5)
  2 phantoms
  A kobold brigand (D:10)
  15 bullfrogs
  A scorpion (D:5)
  4 gnoll sergeants
  A wyvern skeleton (D:6)
  A water moccasin zombie (D:6)
  A water moccasin skeleton (D:4)
  2 troll zombies (D:9)
  24 killer bees (D:11)
  5 wights (D:8)
  An electric eel (Lair:5)
  3 howler monkeys
  A bullfrog zombie (D:5)
  3 hounds
  5 orc priests
  4 bullfrog skeletons
  A jelly (D:6)
  A gnoll shaman (D:8)
  An iguana (D:7)
  Terence (D:2)
  6 orc wizards
  A hell rat (D:11)
  6 ogre zombies (D:9)
  A hound skeleton (D:4)
  A howler monkey zombie (D:9)
  Robin (D:2)
  6 adders
  14 gnolls
  A howler monkey skeleton (D:4)
  A white imp (D:7)
  3 worms
  2 dart slugs
  20 orcs
  3 giant cockroaches (D:4)
  14 goblins
  12 hobgoblins
  10 jackals
  5 quokkas
  5 ball pythons
  7 bats
  3 goblin skeletons (D:9)
  A goblin zombie (D:9)
  2 hobgoblin skeletons (D:9)
  5 hobgoblin zombies (D:9)
  14 kobolds
  3 orc skeletons (D:9)
  10 orc zombies (D:9)
  7 rats
453 creatures vanquished.

Vanquished Creatures (others)
  A hydra (D:13)
  A centaur warrior (D:13)
  A slime creature (D:13)
  An unseen horror (D:12)
  A redback (shapeshifter) (D:13)
  Menkaure (D:7)
  A water moccasin (D:7)
  A wolf (Lair:4)
  A necrophage (D:7)
  A bullfrog (D:7)
  88 jellies
  5 howler monkeys
  2 orc priests (D:7)
  4 gnolls (D:9)
  2 orcs (D:7)
  An orc zombie (D:9)
  98 fungi
  151 plants
361 creatures vanquished.

Grand Total: 814 creatures vanquished

Notes
Turn   | Place    | Note
-------+----------+-------------------------------------------
     0 | D:1      | 2tc the Draconian Transmuter began the quest for the Orb.
     0 | D:1      | Reached XP level 1. HP: 16/16 MP: 3/3
    73 | D:1      | Reached XP level 2. HP: 22/23 MP: 5/5
    85 | D:1      | Learned a level 2 spell: Wereblood
   408 | D:1      | Got the Reference Book on Ensnaring Summoning
   511 | D:1      | Reached skill level 4 in Unarmed Combat
   936 | D:1      | Reached XP level 3. HP: 22/28 MP: 4/6
  1945 | D:2      | Noticed Terence
  1973 | D:2      | Killed Terence
  1974 | D:2      | Reached skill level 5 in Unarmed Combat
  1974 | D:2      | Reached XP level 4. HP: 10/35 MP: 5/7
  2381 | D:2      | Noticed Robin
  2407 | D:2      | Killed Robin
  2786 | D:3      | Noticed Sigmund
  2810 | D:3      | Killed Sigmund
  2811 | D:3      | Reached skill level 6 in Unarmed Combat
  2811 | D:3      | Reached XP level 5. HP: 6/40 MP: 5/8
  2811 | D:3      | Reached XP level 6. HP: 7/47 MP: 5/9
  3511 | D:4      | Noticed a yak
  3514 | D:4      | Noticed a yak
  3617 | D:4      | Noticed a yak
  3628 | D:4      | Noticed a yak
  3630 | D:4      | Noticed a yak
  3633 | D:4      | Killed a yak
  3634 | D:4      | Reached skill level 7 in Unarmed Combat
  3637 | D:4      | Killed a yak
  3638 | D:4      | Your scales start taking on an icy white colour.
  3638 | D:4      | Reached XP level 7. HP: 52/52 MP: 6/10
  3638 | D:4      | Gained mutation: Your flesh is cold resistant. (rC+) [White
                  | Draconian growth]
  3639 | D:4      | Killed a yak
  3647 | D:4      | Killed a yak
  3648 | D:4      | Reached skill level 8 in Unarmed Combat
  3653 | D:4      | Killed a yak
  3654 | D:4      | Reached skill level 5 in Transmutations
  3654 | D:4      | Reached XP level 8. HP: 51/59 MP: 7/11
  3972 | D:4      | Learned a level 4 spell: Ice Form
  3974 | D:4      | Found a glowing silver altar of Zin.
  4162 | D:4      | Found a shadowy altar of Dithmenos.
  4427 | D:5      | Entered Level 5 of the Dungeon
  4549 | D:5      | Reached skill level 1 in Ice Magic
  4670 | D:5      | Found Qutuck's Weapon Shop.
  4766 | D:5      | Found Naycibb's General Store.
  4806 | D:5      | Found Qojoyrass's Antique Weapon Boutique.
  4846 | D:5      | Found a radiant altar of Vehumet.
  5115 | D:5      | Found Mewuteaq's Assorted Antiques.
  5135 | D:5      | Found Bophicwe's General Store.
  5226 | D:5      | Noticed Eustachio
  5245 | D:5      | Killed Eustachio
  5246 | D:5      | Reached skill level 5 in Ice Magic
  5294 | D:5      | Noticed Pikel
  5312 | D:5      | Killed Pikel
  5313 | D:5      | Reached XP level 9. HP: 64/64 MP: 5/12
  5538 | D:6      | Reached skill level 9 in Unarmed Combat
  5625 | D:6      | Noticed Grinder
  5631 | D:6      | Noticed Prince Ribbit
  5650 | D:6      | Killed Prince Ribbit
  5655 | D:6      | Killed Grinder
  5656 | D:6      | Reached skill level 10 in Unarmed Combat
  5703 | D:6      | Found an iron altar of Okawaru.
  5843 | D:6      | Found a staircase to the Ecumenical Temple.
  5861 | Temple   | Entered the Ecumenical Temple
  5883 | Temple   | Became a worshipper of Jiyva Jodghemo the Shapeless
  6179 | D:6      | Found a sacrificial altar of Ru.
  6180 | D:6      | Reached * piety under Jiyva
  6581 | D:7      | Killed Menkaure
  6875 | D:7      | Found the +3 pair of seven-league boots {Rampage+∞}
  7086 | D:7      | Reached skill level 11 in Unarmed Combat
  7279 | D:8      | Found a bloodstained altar of Trog.
  7307 | D:8      | Found Taobbuut's Jewellery Emporium.
  7403 | D:8      | Reached XP level 10. HP: 66/67 MP: 6/13
  7577 | D:8      | Reached ** piety under Jiyva
  7756 | D:8      | Noticed a two-headed ogre
  7878 | D:8      | Found a burning altar of Makhleb.
  7878 | D:8      | Noticed an Executioner
  8001 | D:8      | Killed a two-headed ogre
  8002 | D:8      | Reached skill level 10 in Transmutations
  8124 | D:9      | Found a transporter.
  8130 | D:9      | Noticed a fire crab
  8151 | D:9      | Learned a level 5 spell: Blade Hands
  8165 | D:9      | Noticed a two-headed ogre
  8177 | D:9      | Found a staircase to the Orcish Mines.
  8392 | D:9      | Found a broken altar of Ashenzari.
  8467 | D:9      | Killed a two-headed ogre
  8853 | D:9      | Reached *** piety under Jiyva
  8887 | D:9      | Found an ornate altar of the Wu Jian Council.
  8916 | D:9      | Found a transporter.
  8940 | D:9      | Gained mutation: Your muscles are strong. (Str +2) [Jiyva's
                  | grace]
  9123 | D:9      | Reached skill level 12 in Unarmed Combat
  9305 | D:9      | Found a shimmering blue altar of Sif Muna.
  9593 | D:9      | Reached **** piety under Jiyva
  9598 | D:9      | Gained mutation: You have a pair of small antennae on your
                  | head. [Jiyva's grace]
  9717 | D:10     | Entered Level 10 of the Dungeon
  9751 | D:10     | Found Punotof's Book Emporium.
  9827 | D:10     | Found a portal to a secret trove of treasure.
  9866 | D:10     | Reached XP level 11. HP: 77/77 MP: 8/14
 10091 | D:10     | Found a hazy altar of Hepliaklqana.
 10110 | D:10     | Found a shimmering altar of Xom.
 10111 | D:10     | Found Leubauk's Jewellery Boutique.
 10287 | D:10     | Found an opulent altar of Gozag.
 10366 | D:11     | Reached skill level 13 in Unarmed Combat
 10585 | D:11     | Noticed a death yak
 10585 | D:11     | Noticed a death yak
 10599 | D:11     | Noticed a death yak
 10602 | D:11     | Killed a death yak
 10605 | D:11     | Killed a death yak
 10606 | D:11     | Reached skill level 14 in Unarmed Combat
 10607 | D:11     | Noticed a boulder beetle
 10611 | D:11     | Killed a death yak
 10619 | D:11     | Killed a boulder beetle
 10665 | D:11     | Noticed a purple ugly thing
 10671 | D:11     | Killed a purple ugly thing
 10725 | D:11     | Found a staircase to the Lair.
 10827 | D:11     | Gained mutation: You have a somewhat thin skeletal
                  | structure. (Dex +2, Stealth+) [Jiyva's grace]
 10953 | D:11     | Noticed a tengu warrior
 10961 | D:11     | Killed a tengu warrior
 10962 | D:11     | Reached skill level 1 in Shields
 11067 | Lair:1   | Entered Level 1 of the Lair of Beasts
 11076 | Lair:1   | Reached skill level 15 in Unarmed Combat
 11119 | Lair:1   | Found a dark tunnel.
 11133 | Volcano  | Entered a volcano
 11173 | Volcano  | Reached ***** piety under Jiyva
 11229 | Volcano  | Reached XP level 12. HP: 72/83 MP: 13/15
 11362 | Lair:1   | Noticed a four-headed hydra
 11378 | Lair:1   | Killed a four-headed hydra
 11449 | Lair:1   | Noticed a five-headed hydra
 11463 | Lair:1   | Gained mutation: You occasionally shout uncontrollably at
                  | your foes. [Jiyva's grace]
 11476 | Lair:1   | Killed a five-headed hydra
 11477 | Lair:1   | Reached skill level 5 in Dodging
 12335 | Lair:2   | Noticed a catoblepas
 12343 | Lair:2   | Killed a catoblepas
 12362 | Lair:2   | Identified the +7 scimitar of Fortitude {vamp, rC+++ rN+
                  | Str+2 Int-4}
 12537 | Lair:2   | Noticed a six-headed hydra
 12544 | Lair:2   | Killed a six-headed hydra
 12628 | Lair:2   | Noticed a seven-headed hydra
 12636 | Lair:2   | Killed a seven-headed hydra
 12852 | Lair:2   | Found a staircase to the Swamp.
 13227 | Lair:3   | Gained mutation: You have acidic saliva. [Jiyva's grace]
 13592 | Lair:3   | Noticed a four-headed hydra
 13601 | Lair:3   | Killed a four-headed hydra
 13644 | Lair:3   | Noticed a catoblepas
 13653 | Lair:3   | Killed a catoblepas
 13654 | Lair:3   | Reached XP level 13. HP: 87/94 MP: 19/19
 14465 | Lair:4   | Noticed Josephine
 14478 | Lair:4   | Killed Josephine
 14479 | Lair:4   | Reached skill level 16 in Unarmed Combat
 14745 | Lair:4   | Gained mutation: Your mind is acute. (Int +2) [Jiyva's
                  | grace]
 14853 | Lair:4   | Found a hole to the Spider Nest.
 15639 | Lair:5   | Reached skill level 17 in Unarmed Combat
 15961 | Lair:5   | Found a viscous altar of Jiyva.
 15961 | Lair:5   | Found a staircase to the Slime Pits.
 16213 | D:10     | Bought a book of Frost for 308 gold pieces
 16217 | D:10     | Learned a level 3 spell: Frozen Ramparts
 16600 | Lair:6   | Entered Level 6 of the Lair of Beasts
 16843 | D:12     | Reached XP level 14. HP: 89/102 MP: 15/20
 16869 | D:12     | Lost mutation: Your muscles are strong. (Str +2) [Jiyva's
                  | grace]
 17074 | D:12     | Found Qodas's Book Shop.
 17077 | D:12     | Identified the +8 spear of the Revolution {holy, rN+ rCorr
                  | Str+2}
 17463 | D:13     | Reached skill level 18 in Unarmed Combat
 17523 | D:13     | Found a gate to the Vaults.
 17570 | D:13     | Identified a scroll of acquirement
 17678 | D:12     | Acquired the ring "Danyr" {Wiz Int+5}
 17779 | D:13     | Reached ****** piety under Jiyva
 17779 | D:13     | Lost mutation: Your mind is acute. (Int +2) [Jiyva's grace]
 17954 | D:13     | Lost mutation: You have acidic saliva. [Jiyva's grace]
 18222 | D:13     | Reached skill level 5 in Fighting
 18234 | D:13     | HP: 3/128 [eight-headed hydra (7)]
 18254 | D:13     | HP: 5/128 [centaur warrior/arrow (18)]
 18258 | D:13     | Shot with an arrow by a centaur warrior

Illustrated notes

Levels and vault maps discovered:
D:1:      eino_arrival_cavern_e, layout_basic, minmay_box_of_dots
D:2:      layout_loops_ring, nrook_uturn, minmay_pentomino_u2, uniq_terence,
          uniq_robin
D:3:      layout_basic, uniq_sigmund
D:4:      layout_loops_ring, lemuel_crystal_altar,
          nicolae_dithmenos_through_a_glass_darkly
D:5:      layout_basic, lemuel_round_altar, serial_co_window_serial,
          co_window_corner_a, co_window_corner_a, co_window_paths_b,
          co_window_corner_a, co_window_of_opportunity_a, co_window_corner_b,
          co_window_2corner, co_window_of_opportunity_b, co_window_broadway_b,
          glass_columns_a, glass_columns_c, glass_columns_b, glass_columns_b,
          glass_columns_a, serial_shops, shop, nicolae_shop_behind_doors,
          nicolae_shop_crystal, nicolae_lakefront_shop, shop_fountains,
          uniq_pikel, uniq_eustachio
D:6:      layout_cave_pools, kennysheep_mini_moat, amcnicky_altar_gilded,
          minmay_temple_entry_statues, uniq_prince_ribbit1, uniq_grinder
D:7:      layout_basic, uniq_menkaure
D:8:      layout_basic, trog_book, makhleb_altar_promises_db, serial_shops,
          nicolae_shop_window_shopping, serial_bayou_lagoon_a,
          dk_noncrumbling_4, kennysheep_cross_room
D:9:      gammafunk_wand_slinger, layout_basic, kennysheep_mini,
          ashenzari_conservatory_becter, lemuel_coloured_pillars_altar,
          zombieorc2_lemuel
D:10:     layout_cave_pools, general_overflow_altar, overflow_temple_1_default,
          lemuel_doored_altar, enter_trove_2, serial_shops,
          nicolae_stop_n_shop_1, shop
D:11:     layout_roguey [special_room_bee], dpeg_lair_monsters
D:12:     hangedman_arrow_trap, layout_basic, serial_shops, shop
D:13:     minmay_the_grid_square_5x5_5x5
          [minmay_the_grid_square_5x5_eight_small,
          minmay_the_grid_square_5x5_two_walls_a, minmay_the_grid_square_5x5_n,
          minmay_the_grid_square_5x5_checkered_sparse,
          minmay_the_grid_square_5x5_comb,
          minmay_the_grid_square_5x5_three_small,
          minmay_the_grid_square_5x5_prize_monsterx,
          minmay_the_grid_square_5x5_sharp_hourglass,
          minmay_the_grid_square_5x5_prize_itemx,
          minmay_the_grid_square_5x5_tri_point,
          minmay_the_grid_square_5x5_dogpile,
          minmay_the_grid_square_5x5_minivault,
          minmay_the_grid_square_5x5_prize_junk,
          minmay_the_grid_square_5x5_percent,
          minmay_the_grid_square_5x5_hollow_slash,
          minmay_the_grid_square_5x5_forky,
          minmay_the_grid_square_5x5_prize_gold,
          minmay_the_grid_square_5x5_gyroscope,
          minmay_the_grid_square_5x5_prize_open,
          minmay_the_grid_square_5x5_spiral,
          minmay_the_grid_square_5x5_two_small, minmay_the_grid_square_5x5_tie,
          minmay_the_grid_square_5x5_minibox, minmay_the_grid_square_5x5_seven,
          minmay_the_grid_square_5x5_three_walls], layout_layer_cave,
          erik_vaults_1
Temple:   pf_slime_end_temple
Lair:1:   layout_chaotic_city, lightli_volcano_entry_magma_tube,
          chequers_serial_rivers_micro_e, grunt_megastairs_3
Lair:2:   layout_small_grid, minmay_swamp_entry_worms, minmay_stone_trees_small
Lair:3:   layout_roguey, amcnicky_mini_pool_medium, infiniplex_staircase_pool_2
Lair:4:   layout_regular_city, spider_nest_entry_webs, minmay_lair_drake_nest,
          uniq_josephine
Lair:5:   layout_loops_ring, dpeg_slime_entry_enclosed_altar,
          grunt_megastairs_2, serial_bayou_shore_b, serial_bayou_shore_a,
          minmay_lair_oklob_chamber
Lair:6:   minmay_lair_end_enchanted_forest, layout_gridlike, uniq_nessos

Skill      XL: |  1  2  3  4  5  6  7  8  9 10 11 12 13 14 |
---------------+-------------------------------------------+-----
Unarmed Combat | 4 5 6 7 8 11 12 15 17 18 | 18.0
Transmutations | 3 5 7 8 10 12 14 | 14.0
Ice Magic      | 5 7 |  7.0
Dodging        | 3 6 |  6.0
Shields        | 4 |  4.0
Fighting       | 3 5 |  5.5
Spellcasting   | 4 |  4.0

Action                   |  1- 3 |  4- 6 |  7- 9 | 10-12 | 13-15 || total
-------------------------+-------+-------+-------+-------+-------++-------
Melee: Unarmed           |   139 |    85 |   239 |   527 |   394 ||  1384
       Headbutt          |     7 |    10 |    30 |       |       ||    47
       Tailslap          |     9 |    10 |    25 |    52 |    55 ||   151
       Kick              |    24 |    12 |    34 |     1 |       ||    71
       Punch             |       |     1 |     5 |    20 |    32 ||    58
       Bite              |       |       |       |     4 |    38 ||    42
 Cast: Beastly Appendage |    17 |    12 |    25 |     1 |       ||    55
       Wereblood         |       |     3 |     7 |    16 |    16 ||    42
       Ice Form          |       |       |     5 |    14 |     5 ||    24
       Blade Hands       |       |       |       |    37 |    35 ||    72
       Frozen Ramparts   |       |       |       |       |     3 ||     3
 Abil: Breathe Frost     |       |       |     5 |     2 |     4 ||    11
Evoke: Wand              |       |       |     4 |    10 |    13 ||    27
  Use: Scroll            |     4 |     3 |     4 |    13 |     5 ||    29
       Potion            |       |     4 |     1 |     3 |     2 ||    10
 Stab: Sleeping          |       |       |     1 |     1 |       ||     2
       Petrified         |       |       |       |     1 |       ||     1
Armor: Skin              |    35 |    28 |    67 |   156 |   132 ||   418
Dodge: Dodged            |    80 |    42 |   123 |   203 |   239 ||   687
Block: Buckler           |       |       |       |     3 |     8 ||    11

Table legend: (Time is in decaauts)
 A = Elapsed time spent in this place.
 B = Non-inter-level travel time spent in this place.
 C = Inter-level travel time spent in this place.
 D = Time resting spent in this place.
 E = Time spent auto-exploring this place.
 F = Levels seen in this place.
 G = Mean time per level.
                   A        B        C        D        E       F      G
               +--------+--------+--------+--------+--------+-----+--------+
         Total |  17959 |  16922 |   1037 |    649 |  13224 |  21 |  855.2 |
       Dungeon |  12306 |  11758 |    548 |    521 |   9150 |  13 |  946.6 |
        Temple |    151 |    134 |     17 |      0 |    121 |   1 |  151.0 |
          Lair |   5298 |   4826 |    472 |    127 |   3879 |   6 |  883.0 |
       Volcano |    202 |    202 |      0 |      0 |     73 |   1 |  202.0 |
               +--------+--------+--------+--------+--------+-----+--------+

Top non-repeatable levels by time:
     D:9: 1482 daAuts
     D:2: 1319 daAuts
     D:1: 1311 daAuts
  Lair:4: 1172 daAuts
  Lair:3: 1096 daAuts
  Lair:5: 1078 daAuts
     D:5: 1058 daAuts
     D:8: 1016 daAuts
    D:12: 1001 daAuts
  Lair:1: 977 daAuts
  Lair:2: 971 daAuts
     D:7: 891 daAuts
     D:3: 886 daAuts
     D:4: 844 daAuts
    D:11: 795 daAuts
